 Dungeon Crawl Stone Soup version 0.32-a0-918-g0f22ef8d61 (webtiles) character file.

Game seed: 6964875921746575501

12616 ragingrage the Grappler (level 11, -6/86 HPs)
             Began as a Ghoul Warper on Apr 10, 2024.
             Was a High Priest of Ru.
             Mangled by a two-headed ogre
             ... wielding a +0 giant club
              (22 damage)
             ... on level 12 of the Dungeon.
             The game lasted 00:13:45 (12565 turns).

ragingrage the Grappler (Ghoul Warper)             Turns: 12565, Time: 00:13:46

Health: -6/86      AC: 14    Str: 20    XL:     11   Next: 96%
Magic:  13/13      EV: 15    Int: 12    God:    Ru [*****.]
Gold:   552        SH:  5    Dex: 14    Spells: 6/13 levels left

rFire   x .          .
                       - Unarmed
rCold   . . .        (no shield)
rNeg    + + +        H - +0 acid dragon scales
rPois   ∞            r - +2 helmet
rElec   .            j - scarf {repulsion}
rCorr   +            J - +1 pair of gloves
SInv    .            (no boots)
Will    .....        E - amulet of reflection Stlth
                     l - +6 ring of dexterity
HPRegen 0.00/turn    I - +5 ring of evasion
MPRegen 0.13/turn

%: repel missiles, reflection
@: horrified, inhibited regen
A: claws 1, cold resistance 1, negative energy resistance 3, inhibited
regeneration, torment resistance 2, no stealth, cowardly, no ice magic, no
alchemy magic, no summoning magic, disrupted magic 1, temperature sensitive,
devour on kill
a: Renounce Religion, Draw Out Power, Power Leap, Apocalypse


You were on level 12 of the Dungeon.
You worshipped Ru.
Ru was extremely pleased with you.
You visited 1 branch of the dungeon, and saw 12 of its levels.

You collected 552 gold pieces.

Inventory:

Missiles
 c - 6 darts of dispersal
 m - 22 poisoned darts (quivered)
 q - 6 curare-tipped darts
 y - 7 boomerangs
Armour
 j - a scarf of repulsion (worn)
 r - a +2 helmet (worn)
 H - +0 acid dragon scales (worn)
 J - a +1 pair of gloves (worn)
Jewellery
 l - a +6 ring of dexterity (left hand)
 s - a ring of wizardry
 t - a ring of protection from cold
 B - a ring of see invisible
 E - an amulet of reflection (around neck)
 I - a +5 ring of evasion (right hand)
Wands
 A - a wand of flame (1)
 C - a wand of paralysis (12)
 L - a wand of roots (7)
Scrolls
 b - 3 scrolls of blinking
 e - a scroll of poison {unknown}
 f - 2 scrolls of revelation
 g - 5 scrolls of teleportation
 h - a scroll of enchant armour
 k - 2 scrolls of immolation
 o - 3 scrolls of fog
 p - a scroll of silence
 u - 3 scrolls of fear {unknown}
 v - 3 scrolls of noise {unknown}
 D - a scroll of enchant weapon {unknown}
 K - 2 scrolls of amnesia {unknown}
Potions
 a - 7 potions of magic
 i - 3 potions of curing
 n - a potion of ambrosia {unknown}
 w - a potion of lignification {unknown}
 x - a potion of cancellation {unknown}
 z - 2 potions of berserk rage {unknown}
 F - a potion of haste {unknown}
 G - 2 potions of heal wounds {unknown}
 M - a potion of mutation {unknown}


   Skills:
 - Level 5.0 Fighting
 - Level 0.8 Throwing
 + Level 10.3 Armour
 - Level 1.7 Dodging
 - Level 14.0 Unarmed Combat
 - Level 1.7 Spellcasting
 + Level 6.8 Translocations


You had 6 spell levels left.
You knew the following spells:

 Your Spells              Type           Power      Damage    Failure   Level
a - Blink                 Tloc           26%        N/A       5%          2
b - Lesser Beckoning      Tloc           26%        N/A       5%          2
c - Maxwell's Portable P  Tloc           13%        2d(6-17)  10%         3

Your spell library contained the following spells:

 Spells                   Type           Power      Damage    Failure   Level
 Teleport Other           Tloc           13%        N/A       10%         3
 Volatile Blastmotes      Fire/Tloc      14%        2d11      34%         3
 Vhi's Electric Charge    Tloc/Air       14%        N/A       71%         4
 Passwall                 Erth           0%         N/A       78%         3
 Cause Fear               Hex            0%         N/A       99%         4
 Fireball                 Conj/Fire      0%         3d3       100%        5
 Bombard                  Conj/Erth      0%         9d1       100%        6
 Dragon's Call            Summ           Unusable   N/A       N/A         9

Dungeon Overview and Level Annotations

Branches:
Dungeon (12/15)            Temple (0/1) D:5            Lair (0/5) D:11
    Orc: D:9-12

Altars:
Ashenzari
Cheibriados
Fedhas
Gozag
Kikubaaqudgha
Nemelex Xobeh
Okawaru
Ru
Trog
Uskayaw
Wu Jian
Xom
Beogh


Innate Abilities, Weirdness & Mutations

You are immune to poison.
You have sharp fingernails.
Your flesh is cold resistant. (rC+)
You are immune to negative energy. (rN+++)
You do not regenerate when monsters are visible.
You are immune to unholy pain and torment.
You cannot be stealthy.
Your cowardice makes you less effective in combat with threatening foes.
You cannot study or cast Ice magic.
You cannot study or cast Alchemy magic.
You cannot study or cast Summoning magic.
Your casting is slightly disrupted.
You are sensitive to extremes of temperature. (rF-, rC-)
You thrive by killing the living.


Message History

You see here a vampire mosquito corpse.
You see here a vampire mosquito corpse.
You open the door.
There is an open door here.
You open the door.
There is an open door here.
A two-headed ogre comes into view.
It is wielding a +0 giant club and a +0 giant spiked club.
The two-headed ogre shouts in stereo!
The two-headed ogre moves out of view.
No target in view!
Found an escape hatch in the ceiling.
You feel a twist of horror at the sight of this foe.
A two-headed ogre is nearby!
You punch the two-headed ogre!
A two-headed ogre is nearby!
You punch the two-headed ogre! The two-headed ogre closely misses you.
The two-headed ogre hits you with a +0 giant spiked club!
You punch the two-headed ogre! You punch the two-headed ogre!
Your punch misses the two-headed ogre.
The two-headed ogre hits you with a +0 giant club!!
The two-headed ogre hits you with a +0 giant spiked club!
You completely miss the two-headed ogre.
You hit the two-headed ogre. You punch the two-headed ogre!
The two-headed ogre misses you.
The two-headed ogre hits you with a +0 giant spiked club!
* * * LOW HITPOINT WARNING * * *
Throw: 7 darts (curare)
Press: ? - help, Shift-Dir - straight line, f - two-headed ogre
Aim: a two-headed ogre, wielding a +0 giant club and a +0 giant spiked club (almost dead, 71% to hit)
You throw a curare-tipped dart.
The curare-tipped dart barely misses the two-headed ogre.
Throw: 7 darts (disperse)
Press: ? - help, Shift-Dir - straight line, f/p - two-headed ogre
Aim: a two-headed ogre, wielding a +0 giant club and a +0 giant spiked club (almost dead, 71% to hit)
You throw a dart of dispersal.
The dart of dispersal barely misses the two-headed ogre.
You block the two-headed ogre's attack.
The two-headed ogre hits you with a +0 giant spiked club!!
You die...
Ru respects your ultimate sacrifice.

......######.#....#.#
......# #.'....#.#
......# #.#....#.#
......# #.#....#.#
####### #.######.#
#........# #######'##
#...# ### #@### ..#
#...O....# #'####
#........# .....#
#.....<..# .....+
#........# .....#
#........# ..(..#
.........# .....#
##...(....# .....#


You could see a two-headed ogre.

Vanquished Creatures
  Erica (D:10)
  3 two-headed ogres
  A manticore (D:10)
  A gargoyle (D:9)
  A rime drake (D:11)
  Maggie (D:9)
  A komodo dragon (D:11)
  5 trolls
  A hornet (D:10)
  Grinder (D:3)
  A shadow (D:12)
  A basilisk (D:12)
  5 wraiths
  2 yaks (D:10)
  2 steam dragons
  6 vampire mosquitoes
  3 acid dragons
  6 orc warriors
  6 ice beasts
  2 black bears
  2 ogres
  6 centaurs
  2 wolves (D:11)
  A phantom (D:5)
  3 kobold brigands
  5 bullfrogs
  3 scorpions
  A gnoll sergeant (D:8)
  5 wights (D:8)
  6 killer bees (D:9)
  8 electric eels (D:10)
  3 howler monkeys
  3 hounds
  11 orc priests
  A gnoll bouda (D:7)
  2 jellies (D:5)
  2 sleepcaps
  Jessica (D:3)
  8 iguanas
  5 orc wizards
  Natasha (thrice) (D:3)
  7 adders
  9 gnolls
  2 shadow imps
  2 ufetubi (D:6)
  3 dart slugs
  32 orcs
  5 endoplasms
  5 giant cockroaches
  4 goblins
  A hobgoblin (D:4)
  5 quokkas
  6 ball pythons
  4 bats
  14 kobolds
  4 rats
234 creatures vanquished.

Vanquished Creatures (others)
  A centaur (D:5)
  A rat (D:1)
2 creatures vanquished.

Grand Total: 236 creatures vanquished

Notes
Turn   | Place    | Note
-------+----------+-------------------------------------------
     0 | D:1      | ragingrage the Ghoul Warper began the quest for the Orb.
     0 | D:1      | Reached XP level 1. HP: 17/17 MP: 3/3
    14 | D:1      | Found a faded altar of an unknown god.
    36 | D:1      | Prayed at the altar of an unknown god.
    36 | D:1      | Became a worshipper of Ru the Awakened
    49 | D:1      | Gained mutation: You cannot study or cast Ice magic. [Ru
                  | sacrifice]
    49 | D:1      | Gained mutation: You cannot study or cast Alchemy magic.
                  | [Ru sacrifice]
    49 | D:1      | Gained mutation: You cannot study or cast Summoning magic.
                  | [Ru sacrifice]
    49 | D:1      | Reached * piety under Ru
   206 | D:1      | Reached skill level 1 in Stealth
   255 | D:1      | Reached XP level 2. HP: 24/24 MP: 4/4
   794 | D:2      | Reached skill level 3 in Unarmed Combat
   908 | D:2      | Reached XP level 3. HP: 27/29 MP: 5/5
  1897 | D:3      | Found a sparkling altar of Nemelex Xobeh.
  1913 | D:3      | Noticed Natasha
  2006 | D:3      | Killed Natasha
  2007 | D:3      | Reached skill level 4 in Unarmed Combat
  2007 | D:3      | Reached XP level 4. HP: 33/36 MP: 6/6
  2053 | D:3      | Noticed Natasha
  2064 | D:3      | Killed Natasha
  2203 | D:3      | Noticed Natasha
  2213 | D:3      | Killed Natasha
  2214 | D:3      | Reached skill level 5 in Unarmed Combat
  2214 | D:3      | Reached XP level 5. HP: 16/41 MP: 7/7
  2524 | D:3      | Noticed Grinder
  2598 | D:3      | Paralysed by Grinder for 2 turns
  2726 | D:4      | Reached skill level 6 in Unarmed Combat
  2736 | D:4      | Gained mutation: Your casting is slightly disrupted. [Ru
                  | sacrifice]
  2736 | D:4      | Reached ** piety under Ru
  2854 | D:3      | Killed Grinder
  2855 | D:3      | Reached skill level 7 in Unarmed Combat
  2855 | D:3      | Reached XP level 6. HP: 46/51 MP: 8/8
  2912 | D:3      | Noticed Jessica
  2921 | D:3      | Killed Jessica
  2922 | D:3      | Reached XP level 7. HP: 54/57 MP: 9/9
  2965 | D:3      | Found an ancient bone altar of Kikubaaqudgha.
  3127 | D:3      | Found a blossoming altar of Fedhas.
  3318 | D:4      | Reached skill level 8 in Unarmed Combat
  3373 | D:4      | Learned a level 2 spell: Blink
  3376 | D:4      | Learned a level 2 spell: Lesser Beckoning
  3380 | D:4      | Learned a level 3 spell: Maxwell's Portable Piledriver
  3473 | D:4      | Reached skill level 1 in Armour
  3711 | D:5      | Entered Level 5 of the Dungeon
  3872 | D:5      | Reached XP level 8. HP: 63/67 MP: 10/10
  4269 | D:5      | Reached skill level 5 in Fighting
  4496 | D:5      | Found a staircase to the Ecumenical Temple.
  4777 | D:5      | Gained mutation: You are sensitive to extremes of
                  | temperature. (rF-, rC-) [Ru sacrifice]
  4777 | D:5      | Reached *** piety under Ru
  4986 | D:6      | Found an ornate altar of the Wu Jian Council.
  5101 | D:6      | Reached skill level 9 in Unarmed Combat
  5375 | D:6      | HP: 2/68 [steam dragon/ball of steam (18)]
  5651 | D:6      | Reached XP level 9. HP: 48/74 MP: 11/11
  6390 | D:7      | Reached skill level 5 in Armour
  6410 | D:7      | Found a sacrificial altar of Ru.
  6625 | D:7      | Identified the +1 robe "Bedghol" {Fly Dex+3 SInv}
  6675 | D:7      | Reached skill level 10 in Unarmed Combat
  7094 | D:8      | Noticed a two-headed ogre
  7109 | D:8      | Killed a two-headed ogre
  7541 | D:8      | Reached skill level 11 in Unarmed Combat
  7625 | D:8      | Reached XP level 10. HP: 65/81 MP: 12/12
  7687 | D:8      | Gained mutation: Your cowardice makes you less effective in
                  | combat with threatening foes. [Ru sacrifice]
  7687 | D:8      | Reached **** piety under Ru
  7687 | D:8      | Reached ***** piety under Ru
  7832 | D:8      | Found a shimmering altar of Xom.
  8162 | D:8      | Found a bloodstained altar of Trog.
  8292 | D:8      | Found a roughly hewn altar of Beogh.
  8884 | D:9      | Noticed a gargoyle
  8903 | D:9      | Killed a gargoyle
  8904 | D:9      | Reached skill level 12 in Unarmed Combat
  8991 | D:9      | Found an iron altar of Okawaru.
  8991 | D:9      | Noticed Maggie
  9002 | D:9      | Killed Maggie
  9169 | D:9      | Found an opulent altar of Gozag.
  9375 | D:9      | Noticed a boulder beetle
  9627 | D:10     | Entered Level 10 of the Dungeon
  9868 | D:10     | Found a snail-covered altar of Cheibriados.
  9977 | D:10     | Reached XP level 11. HP: 36/86 MP: 13/13
  9987 | D:10     | Noticed a two-headed ogre
  9998 | D:10     | Noticed a manticore
 10193 | D:10     | Noticed a two-headed ogre
 10193 | D:10     | Noticed a +0 falchion
 10193 | D:10     | Noticed a +0 dagger
 10193 | D:10     | Noticed a +0 falchion
 10193 | D:10     | Noticed a +0 spear
 10193 | D:10     | Noticed a +0 short sword
 10193 | D:10     | Noticed a +0 spear
 10193 | D:10     | Noticed a +0 short sword
 10197 | D:10     | Noticed a +0 dagger
 10204 | D:10     | Killed a two-headed ogre
 10205 | D:10     | Reached skill level 13 in Unarmed Combat
 10205 | D:10     | Reached skill level 5 in Translocations
 10250 | D:10     | Found a hide-covered altar of Uskayaw.
 10637 | D:10     | Killed a two-headed ogre
 10688 | D:10     | Killed a manticore
 10870 | D:10     | Gained mutation: You cannot be stealthy. [Ru sacrifice]
 10875 | D:10     | Noticed Erica
 10882 | D:10     | Killed Erica
 11558 | D:11     | Found a staircase to the Lair.
 11647 | D:11     | Reached skill level 10 in Armour
 11790 | D:11     | Found a broken altar of Ashenzari.
 12424 | D:12     | Reached skill level 14 in Unarmed Combat
 12555 | D:12     | Noticed a two-headed ogre
 12565 | D:12     | Mangled by a two-headed ogre

Illustrated notes

Levels and vault maps discovered:
D:1:      lemuel_arrival_lava_pool, layout_basic, ebering_ecumenical_altar_mist
D:2:      layout_basic, serial_forest, infiniplex_forest_clump_tiny,
          infiniplex_forest_zigzag_1, infiniplex_forest_lined_corner,
          infiniplex_forest_pool, infiniplex_forest_end_double,
          infiniplex_forest_end_2, infiniplex_forest_split,
          infiniplex_forest_clump_diagonal, infiniplex_forest_clump_curved,
          kennysheep_path_1
D:3:      layout_loops_cross, jmf_multi_god_temple2, general_overflow_altar,
          nemelex_diamond_rough_becter, uniq_natasha, uniq_grinder, uniq_jessica
D:4:      layout_cave_pools, kennysheep_potato
D:5:      layout_basic, minmay_temple_entry_trees, kennysheep_decorative_pillar
D:6:      layout_loops_corners, nicolae_wu_jian_immortal_techniques,
          hangedman_abyss_or_decor_stabs
D:7:      layout_loops_cross, nicolae_ru_awakened_eye
D:8:      layout_basic, nicolae_overflow_crystal_walls,
          mainiacjoe_overflow_catwalk, st_stairs_8, david_defended_altar_orc
D:9:      layout_basic, old_standard_altar, grunt_gozag_statues,
          grunt_ministairs_8, onia_ninara_dug_in_and_dangerous, uniq_maggie
D:10:     cheibrodos_barr_body, layout_basic, kennysheep_slug_shrine,
          nicolae_uskayaw_en_pointe, uniq_erica
D:11:     layout_loops_ring, hellmonk_lair_entry_icy,
          nicolae_ashenzari_panopticon
D:12:     layout_roguey, erik_orc_1

Skill      XL: |  1  2  3  4  5  6  7  8  9 10 11 |
---------------+----------------------------------+-----
Stealth        | 1 2 0 |  0.0
Unarmed Combat | 3 4 5 7 8 9 11 12 14 | 14.0
Fighting       | 3 4 5 |  5.0
Translocations | 3 4 6 |  6.8
Armour         | 2 4 7 9 10 | 10.3
Throwing       | |  0.8
Dodging        | |  1.7
Spellcasting   | |  1.7

Action                     |  1- 3 |  4- 6 |  7- 9 | 10-12 || total
---------------------------+-------+-------+-------+-------++-------
  Melee: Unarmed           |    92 |    90 |   317 |   384 ||   883
         Punch             |     1 |     2 |    11 |    31 ||    45
  Throw: Dart              |       |       |     8 |    18 ||    26
         Throwing net      |       |       |     1 |       ||     1
 Invoke: Sacrifice Arcana  |     1 |       |       |       ||     1
         Sacrifice Essence |       |     1 |       |       ||     1
         Sacrifice Resista |       |       |     1 |       ||     1
         Sacrifice Courage |       |       |       |     1 ||     1
         Apocalypse        |       |       |       |     1 ||     1
         Sacrifice Stealth |       |       |       |     1 ||     1
  Evoke: Wand              |       |       |       |    16 ||    16
    Use: Scroll            |     1 |     1 |     5 |     5 ||    12
         Potion            |       |       |     1 |       ||     1
   Stab: Paralysed         |       |       |       |    12 ||    12
         Distracted        |       |       |       |     6 ||     6
         Invisible         |       |       |       |     3 ||     3
         Petrified         |       |       |       |     1 ||     1
 Armour: Leather armour    |    59 |    18 |       |       ||    77
         Ring mail         |       |    33 |       |       ||    33
         Plate armour      |       |    12 |   259 |   139 ||   410
         Acid dragon scale |       |       |       |   127 ||   127
  Dodge: Dodged            |    79 |    42 |    66 |   179 ||   366
         Repelled          |       |       |     8 |    17 ||    25
  Block: Other             |       |       |       |    64 ||    64
         Reflection        |       |       |       |     5 ||     5

Table legend: (Time is in decaauts)
 A = Elapsed time spent in this place.
 B = Non-inter-level travel time spent in this place.
 C = Inter-level travel time spent in this place.
 D = Time resting spent in this place.
 E = Time spent auto-exploring this place.
 F = Levels seen in this place.
 G = Mean time per level.
                   A        B        C        D        E       F      G
               +--------+--------+--------+--------+--------+-----+--------+
         Total |  12453 |  11984 |    469 |   2236 |   7684 |  12 | 1037.8 |
       Dungeon |  12453 |  11984 |    469 |   2236 |   7684 |  12 | 1037.8 |
               +--------+--------+--------+--------+--------+-----+--------+

Top non-repeatable levels by time:
    D:10: 1455 daAuts
     D:9: 1369 daAuts
     D:8: 1316 daAuts
     D:5: 1254 daAuts
     D:3: 1168 daAuts
     D:2: 1111 daAuts
     D:6: 1110 daAuts
    D:11: 973 daAuts
     D:7: 883 daAuts
     D:4: 867 daAuts
     D:1: 647 daAuts
    D:12: 295 daAuts
